 Dungeon Crawl Stone Soup version 0.29.1-2-gbd0b4ee654 (webtiles) character file.

Game seed: 1383228568389330854

560 KittyFluff the Cudgeller (level 7, -2/43 HPs)
             Began as a Gargoyle Berserker on Nov 25, 2022.
             Was a Believer of Trog.
             Slain by an iguana (4 damage)
             ... on level 4 of the Dungeon.
             The game lasted 00:14:55 (3990 turns).

KittyFluff the Cudgeller (Gargoyle Berserker)       Turns: 3990, Time: 00:14:55

Health: -2/43      AC:  8    Str: 21    XL:     7   Next: 31%
Magic:  7/7        EV: 12    Int:  7    God:    Trog [**....]
Gold:   260        SH:  5    Dex: 11    Spells: 6/6 levels left

rFire   . . .      SeeInvis .   p - +0 quarterstaff
rCold   . . .      Faith    .   (shield currently unavailable)
rNeg    + . .      Spirit   .   b - +0 animal skin
rPois   ∞          Reflect  +   k - +0 helmet
rElec   +          Harm     .   (no cloak)
rCorr   .          Rampage  .   (no gloves)
Will    .....                   (no boots)
Stlth   ++........              j - amulet of reflection
HPRegen 0.14/turn               (no ring)
MPRegen 0.10/turn               (no ring)

@: on berserk cooldown, slowed, very slow
A: sickness immunity, AC +4, negative energy resistance 1, electricity
resistance, torment resistance 1, petrification resistance
a: Renounce Religion, Berserk, Trog's Hand


You were on level 4 of the Dungeon.
You worshipped Trog.
Trog was pleased with you.
You visited 1 branch of the dungeon, and saw 4 of its levels.

You collected 260 gold pieces.

Inventory:

Hand Weapons
 a - a +0 mace
 l - a +0 sling
 p - a +0 quarterstaff (weapon)
 u - a +0 quarterstaff
Missiles
 d - 6 javelins (quivered)
 e - 3 poisoned darts
 f - 6 atropa-tipped darts
Armour
 b - a +0 animal skin (worn)
 k - a +0 helmet (worn)
 s - a +0 leather armour
Jewellery
 j - an amulet of reflection (around neck)
Wands
 q - a wand of quicksilver (11)
Scrolls
 h - 2 scrolls of vulnerability {unknown}
 i - a scroll of enchant armour {unknown}
 m - a scroll of immolation {unknown}
 n - a scroll of teleportation {unknown}
Potions
 c - 3 potions of mutation
 g - 3 potions of curing
 o - a potion of ambrosia
 r - a potion of attraction
 t - a potion of flight {unknown}


   Skills:
 + Level 4.3 Fighting
 + Level 5.0(5.2) Maces & Flails
 * Level 2.0(3.8) Staves
 * Level 2.3 Throwing
 * Level 3.6 Armour
 + Level 2.6 Dodging
 + Level 1.4 Stealth
 + Level 1.4 Shields


You had 6 spell levels left.
You didn't know any spells.
Your spell library was empty.

Dungeon Overview and Level Annotations

Branches:
Dungeon (4/15)
 Temple: D:4-7

Altars:
Elyvilon

Annotations:
D:4 1 transporter, elongatedgoose's ghost, amateur GnAr


Innate Abilities, Weirdness & Mutations

You are immune to sickness and miasma.
Your stone body is resilient. (AC +4)
You are immune to poison.
You resist negative energy. (rN+)
You are resistant to electric shocks. (rElec)
You are resistant to unholy torment.
You are immune to petrification.


Message History

The orc warrior is almost dead.
The orc warrior hits you with a +0 scimitar!
* * * LOW HITPOINT WARNING * * *
You hit the orc warrior.
The orc warrior is almost dead.
The orc warrior closely misses you.
You barely miss the orc warrior.
The orc warrior is almost dead.
The orc warrior hits you with a +0 scimitar.
* * * LOW HITPOINT WARNING * * *
You closely miss the orc warrior.
The orc warrior is almost dead.
You closely miss the orc warrior.
The orc warrior is almost dead.
The orc warrior misses you.
You hit the orc warrior.
You kill the orc warrior!
Trog accepts your kill.
Your base Staves skill increases to level 2!
You closely miss the adder. The adder bites you.
* * * LOW HITPOINT WARNING * * *
You barely miss the adder. The adder bites you.
* * * LOW HITPOINT WARNING * * *
You miss the adder. You block the adder's attack.
You thump the adder!
You kill the adder!
Trog accepts your kill.
You are no longer berserk.
You are exhausted.
You feel yourself slow down. The iguana barely misses you.
Items here: )) [ †.
You thump the iguana!
The iguana is severely wounded.
The iguana bites you but does no damage.
The iguana bites you.
* * * LOW HITPOINT WARNING * * *
You hit the iguana.
The iguana is almost dead.
The iguana bites you.
You die...

##########
.........##########
..............)...#
.######.#########.#
#.#...... #.#
#.##.l.# #.#
#..##@#####.##
#...#'#......#
+#........##..#
##........###..#
.####.........#.#..#
.............#'.#..#
.####.........#.#.##
##........###..####
+#........##)....#


You could see an iguana.

Vanquished Creatures
  An orc warrior (D:4)
  The ghost of hurricos the Slasher, an amateur TeBe of Trog (D:3)
  2 phantoms (D:4)
  An orc priest (D:4)
  A hound (D:4)
  A jelly (D:4)
  Terence (D:2)
  Robin (D:2)
  4 adders
  2 worms
  A dart slug (D:2)
  3 orcs
  6 ball pythons
  4 endoplasms
  5 giant cockroaches
  14 goblins
  13 hobgoblins
  2 jackals (D:1)
  3 kobolds
  3 quokkas
  A bat (D:3)
  2 frilled lizards
  4 rats
76 creatures vanquished.

Vanquished Creatures (others)
  An endoplasm (D:3)
  A quokka (D:3)
  A frilled lizard (D:3)
3 creatures vanquished.

Grand Total: 79 creatures vanquished

Notes
Turn   | Place    | Note
-------+----------+-------------------------------------------
     0 | D:1      | KittyFluff the Gargoyle Berserker began the quest for the
                  | Orb.
     0 | D:1      | Reached XP level 1. HP: 14/14 MP: 1/1
   110 | D:1      | Reached XP level 2. HP: 19/19 MP: 2/2
   114 | D:1      | Found a faded altar of an unknown god.
   527 | D:2      | Noticed Robin
   810 | D:2      | Killed Robin
   811 | D:2      | Reached XP level 3. HP: 23/23 MP: 3/3
   988 | D:2      | Reached ** piety under Trog
  1276 | D:2      | Noticed Terence
  1285 | D:2      | Killed Terence
  1286 | D:2      | Reached XP level 4. HP: 29/29 MP: 4/4
  2085 | D:3      | Reached skill level 1 in Throwing
  2213 | D:3      | Reached skill level 4 in Maces & Flails
  2511 | D:3      | Noticed hurricos's ghost (amateur TeBe)
  2512 | D:3      | Found a runed translucent door.
  2624 | D:3      | Found a white marble altar of Elyvilon.
  2969 | D:3      | Killed hurricos's ghost
  2970 | D:3      | Reached skill level 1 in Stealth
  2970 | D:3      | Reached XP level 5. HP: 33/33 MP: 5/5
  3014 | D:4      | Noticed a phantom
  3104 | D:4      | Reached skill level 1 in Shields
  3141 | D:4      | Killed a phantom
  3142 | D:4      | Reached XP level 6. HP: 18/38 MP: 6/6
  3699 | D:4      | Found a transporter.
  3701 | D:4      | Noticed a two-headed ogre
  3704 | D:4      | Noticed elongatedgoose's ghost (amateur GnAr)
  3802 | D:4      | Reached skill level 5 in Maces & Flails
  3965 | D:4      | Noticed an orc warrior
  3973 | D:4      | Reached skill level 1 in Staves
  3973 | D:4      | Reached XP level 7. HP: 43/43 MP: 7/7
  3989 | D:4      | HP: 2/43 [iguana (2)]
  3990 | D:4      | Slain by an iguana

Illustrated notes

Levels and vault maps discovered:
D:1:      minmay_arrival_stone_box, layout_rooms,
          hellmonk_ecumenical_altar_lost_god
D:2:      layout_basic, minmay_tetromino_s2, uniq_terence, uniq_robin
D:3:      layout_basic, elyvilon_altar_4, hellmonk_ghost_happy_afterlife
D:4:      layout_loops_ring, gammafunk_ghost_arena, roderic_three_in_a_row,
          minmay_pentangle

Skill      XL: |  1  2  3  4  5  6  7 |
---------------+----------------------+-----
Dodging        | 2 |  2.6
Throwing       | 1 2 |  2.3
Maces & Flails | 4 5 |  5.0
Stealth        | 1 |  1.4
Armour         | 3 |  3.6
Shields        | 1 |  1.4
Fighting       | 4 |  4.3
Staves         | 1 2 |  2.0

Action                   |  1- 3 |  4- 6 |  7- 9 || total
-------------------------+-------+-------+-------++-------
Melee: Mace              |    87 |   137 |       ||   224
       Punch             |     1 |     1 |       ||     2
       Quarterstaff      |       |    50 |    16 ||    66
Invok: Berserk           |     2 |     2 |       ||     4
  Use: Scroll            |       |     6 |       ||     6
 Stab: Sleeping          |     1 |     1 |       ||     2
Armor: Animal skin       |    30 |    49 |     1 ||    80
Dodge: Dodged            |    55 |    76 |     4 ||   135
Block: Other             |    15 |    41 |     1 ||    57
       Reflection        |     1 |     1 |       ||     2
